 Dungeon Crawl Stone Soup version 0.19-b1-3-g7dea586 (webtiles) character file.

32 cedor the Charlatan (level 3, 0/28 HPs)
             Began as a Minotaur Artificer on Oct 28, 2016.
             Succumbed to an adder's poison
             ... on level 3 of the Dungeon.
             The game lasted 00:04:42 (774 turns).

cedor the Charlatan (Minotaur Artificer)             Turns: 774, Time: 00:04:42

Health: 0/28       AC:  3    Str: 20 (21) XL:     3   Next: 10%
Magic:  4/4        EV: 12    Int:  6 (8)  God:
Gold:   53         SH:  0    Dex:  8 (11) Spells: 0 memorised, 2 levels left

rFire  . . .     SeeInvis .     a - +0 falchion
rCold  . . .     Gourm    .     b - +0 leather armour
rNeg   . . .     Faith    .     (no shield)
rPois  .         Spirit   .     (helmet restricted)
rElec  .         Reflect  .     (no cloak)
rCorr  .         Harm     .     (no gloves)
MR     .....                    (no boots)
Stlth  +.........               (no amulet)
                                (no ring)
                                (no ring)

@: mighty, lethally poisoned (0 -> -11), flying, very slightly contaminated,
hasted, very quick
A: retaliatory headbutt, horns 2
a: no special abilities


You were on level 3 of the Dungeon.
You were not hungry.

You visited 1 branch of the dungeon, and saw 3 of its levels.

You collected 53 gold pieces.


Innate Abilities, Weirdness & Mutations

You reflexively headbutt those who attack you in melee.
You have a pair of horns on your head.


   Skills:
 - Level 1.2 Fighting
 - Level 2.0(2.1) Short Blades
 * Level 1.2(1.9) Long Blades
 + Level 2.9 Dodging
 - Level 0.7 Stealth
 + Level 2.9 Evocations


You had 2 spell levels left.
You didn't know any spells.

Inventory:

Hand Weapons
 a - a +0 falchion (weapon)
 m - a +0 short sword
Armour
 b - a +0 leather armour (worn)
Wands
 c - a wand of flame (15/48)
 d - a wand of enslavement (15/24)
 e - a wand of random effects (14/48)
Scrolls
 h - a scroll of identify {unknown}
 i - 2 scrolls of magic mapping {unknown}
Potions
 g - a potion of might
Comestibles
 f - 2 bread rations
 o - a chunk of flesh

Dungeon Overview and Level Annotations

Branches:
Dungeon (3/15)

Altars:
Sif Muna

...▒ ..▒ ▒▒
..▒ .. ..▒
▒. ▒.▒ ..
▒.▒ ▒. ▒.▒
▒. ▒H▒
▒▒.▒▒▒.▒▒▒.▒
..oo.......▒
...▒▒▒▒▒▒▒.▒
▒.▒ ▒†▒ ▒.▒
...▒▒▒▒▒▒▒.▒
.......<...▒


There were no monsters in sight!


Message History

You feel agile.
* * * LOW HITPOINT WARNING * * *
You feel sick.
You see here an adder corpse.
It was a potion of flight.
You feel very buoyant.
You fly up into the air.
* * * LOW HITPOINT WARNING * * *
You feel sick.
It was a potion of haste.
You feel yourself speed up.
* * * LOW HITPOINT WARNING * * *
You feel sick.
You are very lightly contaminated with residual magic.
* * * LOW HITPOINT WARNING * * *
You feel sick.
* * * LOW HITPOINT WARNING * * *
You feel sick.
* * * LOW HITPOINT WARNING * * *
You feel sick.
* * * LOW HITPOINT WARNING * * *
You feel sick.
An orc comes into view. It is wielding a mace of protection.
The orc shouts!
An orc wizard comes into view. It is wielding a dagger.
* * * LOW HITPOINT WARNING * * *
You feel sick.
The orc wizard shouts!
* * * LOW HITPOINT WARNING * * *
You feel sick.
You die...

Action                   || total
-------------------------++-------
Melee: Short sword       ||    34
       Headbutt          ||     6
       Falchion          ||    22
Evoke: Wand              ||     1
  Use: Potion            ||     6
 Stab: Sleeping          ||     1
Armor: Leather armour    ||    12
Dodge: Dodged            ||    48
       Rpst.: Falchion   ||     5

Vault maps used:
D:1:      lemuel_arrival_river_ford, serial_park_tiny_2, minmay_vboxes
D:2:      makhleb_blood_cavern_becter, led_sif_pool,
          chequers_temple_overflow_statue_of_worship

Notes
Turn   | Place    | Note
-------+----------+-------------------------------------------
     0 | D:1      | cedor the Minotaur Artificer began the quest for the Orb.
     0 | D:1      | Reached XP level 1. HP: 16/16 MP: 1/1
    99 | D:1      | Reached XP level 2. HP: 11/23 MP: 3/3
   461 | D:2      | Reached skill level 2 in Short Blades
   600 | D:2      | Found a deep blue altar of Sif Muna.
   758 | D:3      | HP: 2/23 [adder (3)]
   762 | D:3      | Reached skill level 1 in Long Blades
   762 | D:3      | Reached XP level 3. HP: 10/28 MP: 4/4
   769 | D:3      | HP: 2/28 [poisoned by an adder]
   774 | D:3      | Succumbed to an adder's poison

Vanquished Creatures
  An adder (D:3)
  A dart slug (D:1)
  A leopard gecko (D:1)
  7 bats
  A giant cockroach (D:1)
  2 hobgoblins
  A quokka (D:2)
  A frilled lizard (D:2)
  3 goblins
  A rat (D:2)
19 creatures vanquished.
